 Dungeon Crawl Stone Soup version 0.26-a0-572-g753d7e3450 (webtiles) character file.

Game seed: 2399909497107319054

139603 GeoCrane the Severer (level 16, -22/154 HPs)
             Began as a Minotaur Fighter on Aug 20, 2020.
             Was a High Priest of Trog.
             Annihilated by a wolf spider (26 damage)
             ... on level 3 of the Spider Nest on Aug 21, 2020.
             The game lasted 05:16:24 (36620 turns).

GeoCrane the Severer (Minotaur Fighter)            Turns: 36620, Time: 05:16:24

Health: -22/154    AC: 25    Str: 33    XL:     16   Next: 74%
Magic:  5/5        EV:  9    Int: 15    God:    Trog [*****.]
Gold:   2611       SH:  0    Dex: 11    Spells: 15/15 levels left

rFire    x . .     SeeInvis +   a - +11 hand axe "Zabbekoi" {antimagic, rPois rF- rC++}
rCold    + + .     Faith    .   B - +0 tower shield
rNeg     . . .     Spirit   .   x - +3 ring mail of Jaiduss {MR+}
rPois    +         Reflect  .   R - +2 hat {Int+3}
rElec    +         Harm     .   l - +0 cloak
rCorr    .                      v - +2 pair of gloves {Str+3}
MR       +++++                  X - +0 pair of boots {Stlth+}
Stlth    +.........             I - amulet "Oczeesso" {Acrobat *Drain Str+3 Int+3 SInv}
HPRegen  1.35/turn              K - +4 ring of protection
MPRegen  0.09/turn              g - ring of Picoq {+Fly rElec rPois MR+ Int+4}

@: confused, lethally poisoned (-22 -> -24), regenerating
A: retaliatory headbutt, horns 2
a: Berserk, Trog's Hand, Brothers in Arms, Renounce Religion, Evoke Flight


You were on level 3 of the Spider Nest.
You worshipped Trog.
Trog was extremely pleased with you.
You visited 5 branches of the dungeon, and saw 28 of its levels.
You also visited: Gauntlet.

You collected 3306 gold pieces.
You spent 695 gold pieces at shops.

Inventory:

Hand Weapons
 a - the +11 hand axe "Zabbekoi" (weapon) {antimagic, rPois rF- rC++}
   (Trog gifted it to you on level 4 of the Lair of Beasts)

   It reduces the magical energy of the wielder, and disrupts the spells and
   magical abilities of those hit.
   Natural abilities and divine invocations are not affected.
   It makes you vulnerable to fire.
   It greatly protects you from cold.
   It protects you from poison.
 b - the +8 hunting sling of Forced Transition {venom, Str+2}
   (You took it off an orc on level 6 of the Dungeon)

   It poisons the ammo it fires.
   It affects your strength (+2).
Missiles
 E - 333 stones
 N - 134 sling bullets
 Z - 13 curare-tipped darts (quivered)
Armour
 l - a +0 cloak (worn)
 v - a +2 pair of gloves of strength (worn)
 x - the +3 ring mail of Jaiduss (worn) {MR+}
   (You found it on level 8 of the Dungeon)

   It affects your resistance to hostile enchantments.
 B - a +0 tower shield (worn)
 R - a +2 hat of intelligence (worn)
 X - a +0 pair of boots of stealth (worn)
Jewellery
 g - the ring of Picoq (right hand) {+Fly rElec rPois MR+ Int+4}
   (You bought it in a shop on level 2 of the Orcish Mines)

   [ring of flight]

   It affects your intelligence (+4).
   It insulates you from electricity.
   It protects you from poison.
   It affects your resistance to hostile enchantments.
   It lets you fly.
 q - an uncursed ring of protection from cold {unknown}
 u - an uncursed amulet of regeneration
 z - an uncursed amulet of magic regeneration {unknown}
 I - the amulet "Oczeesso" (around neck) {Acrobat *Drain Str+3 Int+3 SInv}
   (You took it off a wizard in a Gauntlet)

   [amulet of the acrobat]

   It helps you evade while moving and waiting.
   It affects your strength (+3).
   It affects your intelligence (+3).
   It lets you see invisible.
   It causes draining when unequipped.
 K - a +4 ring of protection (left hand)
 O - an uncursed ring of fire
Wands
 c - a wand of paralysis (7)
 m - a wand of iceblast (18)
 w - a wand of acid (47)
 y - a wand of flame (50)
 D - a wand of disintegration (27)
 T - a wand of enslavement (19)
Scrolls
 f - 12 scrolls of teleportation
 h - a scroll of remove curse
 j - 7 scrolls of fog
 p - 11 scrolls of magic mapping
 r - 12 scrolls of identify
 s - 4 scrolls of fear
 t - 2 scrolls of enchant weapon
 C - a scroll of enchant armour
 J - 2 scrolls of summoning
 M - 2 scrolls of immolation
 S - a scroll of blinking
Potions
 e - 5 potions of curing
 i - a potion of ambrosia
 k - 5 potions of haste
 n - 5 potions of lignification
 o - a potion of might
 F - 5 potions of resistance
 G - 3 potions of heal wounds
 L - 2 potions of flight
Miscellaneous
 d - a phial of floods
 A - a phantom mirror
 Q - a lightning rod (4/4)
 U - a lightning rod (4/4)
 W - a condenser vane (2/2)


   Skills:
 + Level 16.8 Fighting
 + Level 18.5 Axes
 - Level 12.0 Slings
 + Level 16.6 Armour
 * Level 17.3 Shields


You had 15 spell levels left.
You didn't know any spells.
Your spell library contained the following spells:

 Spells                   Type           Power        Failure   Level
 Summon Small Mammal      Summ           #...         65%         1
 Call Imp                 Summ           #.......     80%         2
 Call Canine Familiar     Summ           #.......     95%         3
 Summon Guardian Golem    Hex/Summ       #.......     95%         3
 Summon Ice Beast         Ice/Summ       #.......     100%        4
 Summon Lightning Spire   Summ/Air       #.......     100%        4


Dungeon Overview and Level Annotations

Branches:
Dungeon (15/15)            Temple (1/1) D:7            Lair (6/6) D:9
 Shoals (0/4) Lair:4       Spider (4/4) Lair:4        Slime (0/5) Lair:5
    Orc (2/2) D:12            Elf (0/3) Orc:2        Vaults (0/5) D:14
 Depths (0/5) D:15        Gauntlet (visited)

Altars:
Ashenzari
Cheibriados
Dithmenos
Elyvilon
Fedhas
Gozag
Hepliaklqana
Kikubaaqudgha
Makhleb
Nemelex Xobeh
Okawaru
Qazlal
Ru
Sif Muna
Trog
Uskayaw
Vehumet
Wu Jian
Xom
Yredelemnul
Zin
The Shining One
Beogh
Jiyva

Shops:
D:5 ?   Orc:2 !(=*[

Annotations:
D:7 exclusions: door and 1 more exclusion
Lair:1 exclusion: oklob plant


Innate Abilities, Weirdness & Mutations

You reflexively headbutt those who attack you in melee.
You have a pair of horns on your head.


Message History

The tarantella bites you.
* * * LOW HITPOINT WARNING * * *
You are confused.
The redback bites you but does no damage.
The wolf spider hits you.
* * * LOW HITPOINT WARNING * * *
The wolf spider bites you!
* * * LOW HITPOINT WARNING * * *
You're too confused!
Quiver which item? (- for none, * to show all) (? for menu, Esc to quit)
Okay, then.
You feel much better.
You feel sick.
You kill the moth of wrath!
Trog accepts your kill. The tarantella bites you!
* * * LOW HITPOINT WARNING * * *
The redback bites you!
* * * LOW HITPOINT WARNING * * *
The wolf spider hits you!!
You die...

#.>###.####..###
##..####......#.
##.....##^..##...
###..#..^.##..##..# ###
####...####^.#..##..##
##.###.##..#.##...#...#..#.
##...#...##...###..##..##...
#..#.....[s(s###..####..#..#
#..#...#..s@## ##.†#....####
#..##.###.### #..^....#
##.....#### ###..####
#####.##..## ####
##....###...##
#<....#....#≈##
##.^##.^..##≈#≈###
#^.##≈#..####≈#≈≈#
#...≈≈##≈####≈≈≈≈≈#


You could see a wolf spider (berserk), a tarantella (berserk) and a redback
(berserk).

Vanquished Creatures
  Saint Roka (Orc:2)
  Jorgrun (Orc:2)
  2 orc warlords
  4 emperor scorpions
  An entropy weaver (Spider:1)
  Azrael (D:15)
  Nessos (Orc:2)
  A minotaur (Gauntlet)
  Snorg (Orc:2)
  Erolcha (D:11)
  4 vault guards (D:14)
  A ghost crab (Gauntlet)
  Fannar (D:10)
  3 anacondas (Lair:4)
  5 hydras
  Harold (Orc:1)
  3 two-headed ogres
  Erica (D:10)
  9 death yaks (Lair:5)
  A catoblepas (D:15)
  An orc high priest (Orc:2)
  Sonja (D:12)
  4 skeletal warriors (D:15)
  A golden dragon zombie (D:15)
  A deep troll (shapeshifter) (D:14)
  5 unseen horrors
  A wizard (Gauntlet)
  A phantasmal warrior (D:15)
  A lindwurm (Lair:6)
  17 wolf spiders
  A necromancer (D:15)
  5 orc knights
  4 orc sorcerers
  5 ugly things
  3 deep elf magi
  4 cyclopes
  7 orb spiders
  6 elephants (Lair:5)
  A frost giant zombie (D:15)
  3 manticores
  2 moths of wrath
  A frost giant skeleton (D:15)
  Psyche (D:10)
  An ice statue (Lair:6)
  2 torpor snails
  19 cane toads
  8 black mambas
  Maggie (D:10)
  8 komodo dragons
  2 gargoyles
  An ice devil (Lair:6)
  A minotaur zombie (Gauntlet)
  2 rime drakes
  A guardian mummy (D:15)
  10 demonic crawlers
  5 trolls
  Grinder (D:5)
  13 polar bears
  10 hornets
  20 jumping spiders
  3 slime creatures (D:15)
  A blink frog (shapeshifter) (D:15)
  10 hippogriffs
  7 dream sheep
  7 blink frogs
  4 flying skulls (Gauntlet)
  35 redbacks
  25 tarantellas
  A tarantella (shapeshifter) (D:15)
  A water elemental (D:12)
  41 yaks
  A shadow (D:15)
  13 spriggans (Lair:6)
  Sigmund (D:2)
  4 fire elementals (D:15)
  4 wyverns
  8 humans (D:14)
  4 vampire mosquitoes (D:13)
  3 basilisks
  3 wargs
  A tengu zombie (D:15)
  16 water moccasins
  A hell hound (D:15)
  9 porcupines
  3 black bears
  An ice beast (D:11)
  4 sky beasts
  An eye of draining (D:13)
  37 orc warriors
  A necrophage (D:13)
  21 wolves
  3 phantoms
  15 ogres
  4 boggarts (Lair:6)
  16 centaurs
  15 crocodiles
  6 big kobolds
  14 bullfrogs
  A gnoll sergeant (Orc:2)
  A water moccasin zombie (D:6)
  4 scorpions
  10 killer bees
  9 wights
  An electric eel (D:12)
  6 howler monkeys
  2 centaur zombies
  2 bullfrog zombies
  9 hounds
  3 quasits
  A wyvern simulacrum (D:14)
  6 jellies
  18 orc priests
  2 centaur skeletons
  3 iguanas
  31 orc wizards
  9 worker ants
  A hound skeleton (D:5)
  A hound zombie (D:6)
  4 worker ant zombies
  Robin (D:3)
  13 gnolls
  13 adders
  3 shadow imps (Gauntlet)
  5 white imps
  3 ufetubi
  5 oozes
  An adder zombie (D:9)
  3 adder skeletons
  4 worms
  4 dart slugs
  4 leopard geckos
  72 orcs
  5 giant cockroaches
  10 hobgoblins
  8 jackals
  7 quokkas
  10 bats
  5 frilled lizards
  18 goblins
  A jackal zombie (D:5)
  9 kobolds
  2 leopard gecko zombies
  6 rats
  2 fungi
  A plant (Lair:2)
907 creatures vanquished.

Vanquished Creatures (collateral kills)
  A hydra (Lair:1)
  A centaur warrior (D:13)
  4 centaurs (D:13)
6 creatures vanquished.

Vanquished Creatures (others)
  6 fungi
  7 plants
  7 toadstools (D:7)
20 creatures vanquished.

Grand Total: 933 creatures vanquished

Notes
Turn   | Place    | Note
-------+----------+-------------------------------------------
     0 | D:1      | GeoCrane the Minotaur Fighter began the quest for the Orb.
     0 | D:1      | Reached XP level 1. HP: 19/19 MP: 0/0
    37 | D:1      | Reached skill level 3 in Axes
    37 | D:1      | Reached XP level 2. HP: 26/26 MP: 1/1
   274 | D:1      | Reached XP level 3. HP: 31/31 MP: 2/2
   310 | D:1      | Reached skill level 4 in Axes
   727 | D:2      | Reached XP level 4. HP: 23/39 MP: 3/3
   890 | D:2      | Noticed Sigmund
   913 | D:2      | Killed Sigmund
   913 | D:2      | Reached skill level 6 in Axes
   913 | D:2      | Reached skill level 5 in Shields
   913 | D:2      | Reached XP level 5. HP: 17/45 MP: 4/4
  1201 | D:2      | Reached XP level 6. HP: 50/51 MP: 5/5
  2244 | D:3      | Noticed Robin
  2269 | D:3      | Killed Robin
  2269 | D:3      | Reached skill level 7 in Axes
  2622 | D:4      | Noticed a sky beast
  2630 | D:4      | Killed a sky beast
  2630 | D:4      | Reached XP level 7. HP: 39/57 MP: 6/6
  2886 | D:4      | Found a radiant altar of Vehumet.
  2916 | D:4      | Reached skill level 8 in Axes
  3513 | D:5      | Entered Level 5 of the Dungeon
  3896 | D:5      | Found Udebaowe's Magic Scroll Boutique.
  3912 | D:5      | Noticed Grinder
  3913 | D:5      | Paralysed by Grinder for 5 turns
  3925 | D:5      | Killed Grinder
  3925 | D:5      | Reached skill level 9 in Axes
  3925 | D:5      | Reached XP level 8. HP: 36/64 MP: 7/7
  4286 | D:5      | Reached skill level 10 in Axes
  4691 | D:6      | Reached skill level 11 in Axes
  4786 | D:6      | Identified the +8 hunting sling of Forced Transition
                  | {venom, Str+2}
  5194 | D:6      | Reached XP level 9. HP: 70/70 MP: 8/8
  5212 | D:6      | Found a radiant altar of Vehumet.
  5216 | D:6      | Found a blossoming altar of Fedhas.
  5220 | D:6      | Found a shadowy altar of Dithmenos.
  5419 | D:7      | Found a staircase to the Ecumenical Temple.
  5523 | D:7      | Found an opulent altar of Gozag.
  5589 | D:7      | Reached skill level 12 in Axes
  5938 | Temple   | Entered the Ecumenical Temple
  6054 | Temple   | Became a worshipper of Trog the Wrathful
  6295 | D:8      | Noticed a troll
  6327 | D:8      | Killed a troll
  6449 | D:8      | Got a shimmering ring mail
  6460 | D:8      | Identified the +3 ring mail of Jaiduss {MR+} (You found it
                  | on level 8 of the Dungeon)
  6942 | D:8      | Reached skill level 10 in Shields
  6959 | D:8      | Reached skill level 13 in Axes
  7507 | D:9      | Found a staircase to the Lair.
  7508 | D:9      | Noticed a komodo dragon
  7797 | D:9      | Reached * piety under Trog
  7904 | D:9      | Killed a komodo dragon
  7904 | D:9      | Reached XP level 10. HP: 77/77 MP: 9/9
  8300 | D:10     | Entered Level 10 of the Dungeon
  8325 | D:10     | Reached skill level 14 in Axes
  8330 | D:10     | Noticed Maggie
  8395 | D:10     | Killed Maggie
  8571 | D:10     | Noticed Psyche
  8620 | D:10     | Killed Psyche
  8620 | D:10     | Reached skill level 5 in Armour
  8836 | D:10     | Reached ** piety under Trog
  8845 | D:10     | Noticed a two-headed ogre
  8884 | D:10     | Killed a two-headed ogre
  8886 | D:10     | Reached skill level 5 in Fighting
  9035 | D:10     | Noticed Erica
  9151 | Lair:1   | Entered Level 1 of the Lair of Beasts
  9151 | Lair:1   | Noticed a cane toad
  9294 | D:10     | Killed Erica
  9294 | D:10     | Reached skill level 15 in Axes
  9294 | D:10     | Reached XP level 11. HP: 58/88 MP: 10/10
  9366 | D:10     | Noticed Fannar
  9522 | D:10     | Killed Fannar
 10009 | D:11     | Noticed Erolcha
 10020 | D:11     | Killed Erolcha
 10020 | D:11     | Reached skill level 10 in Armour
 10073 | D:11     | Noticed a two-headed ogre
 10082 | D:11     | Killed a two-headed ogre
 10829 | D:12     | Reached *** piety under Trog
 10904 | D:12     | Reached skill level 1 in Slings
 10910 | D:12     | Found a staircase to the Orcish Mines.
 11030 | D:12     | Noticed a deep elf mage
 11036 | D:12     | Killed a deep elf mage
 11100 | D:12     | Noticed Sonja
 11133 | D:12     | Killed Sonja
 11133 | D:12     | Reached skill level 16 in Axes
 11773 | D:12     | Killed an unseen horror
 11773 | D:12     | Reached XP level 12. HP: 68/97 MP: 11/11
 11909 | Orc:1    | Entered Level 1 of the Orcish Mines
 11981 | D:12     | Reached **** piety under Trog
 12053 | Orc:1    | Noticed Harold
 12302 | Orc:1    | Noticed an orc warlord
 12337 | D:12     | Killed an orc warlord
 12337 | D:12     | Reached skill level 17 in Axes
 12716 | Orc:1    | Noticed an orc warlord
 12717 | Orc:1    | Reached skill level 5 in Slings
 12720 | Orc:1    | Paralysed by an orc sorcerer for 4 turns
 13212 | D:13     | Noticed a centaur warrior
 13243 | D:13     | Killed a centaur warrior
 14442 | Lair:1   | Reached ***** piety under Trog
 15003 | Lair:1   | Found a hazy altar of Hepliaklqana.
 15010 | Lair:1   | Reached skill level 18 in Axes
 15401 | Lair:2   | Noticed a six-headed hydra
 15406 | Lair:2   | Reached XP level 13. HP: 103/103 MP: 12/12
 15686 | Lair:2   | Found an ancient bone altar of Kikubaaqudgha.
 16404 | Lair:3   | Received a gift from Trog
 17637 | Lair:4   | Found a hole to the Spider Nest.
 17660 | Lair:4   | Found a staircase to the Shoals.
 17853 | Lair:4   | Reached skill level 10 in Fighting
 18128 | Lair:4   | Received a gift from Trog
 18129 | Lair:4   | Got a jewelled hand axe {god gift}
 18130 | Lair:4   | Identified the +11 hand axe "Zabbekoi" {antimagic, rPois
                  | rF- rC++} (Trog gifted it to you on level 4 of the Lair of
                  | Beasts)
 19051 | D:14     | Reached skill level 15 in Shields
 19059 | D:14     | Reached XP level 14. HP: 104/124 MP: 4/13
 19211 | D:14     | Found a gate to the Vaults.
 20344 | D:15     | Entered Level 15 of the Dungeon
 20360 | D:15     | Found a staircase to the Depths.
 20393 | D:15     | Reached skill level 10 in Slings
 22038 | Lair:5   | Received a gift from Trog
 23235 | Lair:5   | Found a viscous altar of Jiyva.
 23236 | Lair:5   | Found a staircase to the Slime Pits.
 23290 | Lair:6   | Entered Level 6 of the Lair of Beasts
 23560 | Lair:6   | Reached XP level 15. HP: 130/138 MP: 4/14
 23572 | Lair:6   | Found a gate leading to a gauntlet.
 23702 | Lair:6   | Upgraded the game from 0.26-a0-547-g695e311587 to
                  | 0.26-a0-572-g753d7e3450
 23703 | Gauntlet | Entered a Gauntlet
 23703 | Gauntlet | Found a large runed translucent door.
 23703 | Gauntlet | Found a large runed translucent door.
 23703 | Gauntlet | Found a large runed translucent door.
 23703 | Gauntlet | Found a large runed translucent door.
 23703 | Gauntlet | Found a runed translucent gate.
 23703 | Gauntlet | Found a large runed translucent door.
 23703 | Gauntlet | Found a transporter.
 23703 | Gauntlet | Found a large runed translucent door.
 23703 | Gauntlet | Found a large runed translucent door.
 23703 | Gauntlet | Found a large runed translucent door.
 23703 | Gauntlet | Found a runed translucent door.
 23703 | Gauntlet | Found a runed translucent gate.
 23703 | Gauntlet | Found a runed translucent gate.
 23703 | Gauntlet | Found a transporter.
 23703 | Gauntlet | Found a transporter.
 23704 | Gauntlet | Found a runed translucent door.
 23704 | Gauntlet | Found a runed translucent gate.
 23708 | Gauntlet | Found a large runed translucent door.
 23708 | Gauntlet | Found a large runed translucent door.
 23708 | Gauntlet | Found a large runed translucent door.
 23708 | Gauntlet | Found a large runed translucent door.
 23709 | Gauntlet | Found a large runed translucent door.
 23709 | Gauntlet | Found a large runed translucent door.
 23710 | Gauntlet | Found a large runed translucent door.
 23710 | Gauntlet | Found a large runed translucent door.
 23724 | Gauntlet | Found a transporter.
 23739 | Gauntlet | Found a transporter.
 23742 | Gauntlet | Found a transporter.
 23752 | Gauntlet | Found a transporter.
 23771 | Gauntlet | Found a transporter.
 23785 | Gauntlet | Found a transporter.
 23788 | Gauntlet | Found a transporter.
 23790 | Gauntlet | Identified the amulet "Oczeesso" {Acrobat *Drain Str+3
                  | Int+3 SInv}
 23796 | Gauntlet | Found a transporter.
 23799 | Gauntlet | Found a transporter.
 23801 | Gauntlet | Found a runed translucent gate.
 23801 | Gauntlet | Found a runed translucent gate.
 24521 | Gauntlet | Found the +4 robe of Augmentation {Str+4 Int+4 Dex+4}
 25274 | Lair:6   | Reached skill level 15 in Armour
 25680 | Lair:6   | Reached skill level 15 in Fighting
 27060 | D:15     | Noticed Azrael
 27081 | D:15     | Killed Azrael
 27640 | Orc:2    | Entered Level 2 of the Orcish Mines
 27998 | Orc:1    | Killed an orc warlord
 28046 | Orc:1    | Identified the Incunabulum of Transmutation and Poisoning
 28156 | Orc:1    | Killed Harold
 29043 | Orc:2    | Noticed Snorg
 29053 | Orc:2    | Killed Snorg
 29191 | Orc:2    | Noticed Nessos
 29230 | Orc:2    | Noticed Jorgrun
 29247 | Orc:2    | Killed Jorgrun
 29249 | Orc:2    | Killed Nessos
 29463 | Orc:2    | Found a staircase to the Elven Halls.
 29498 | Orc:2    | Found Degrygg's Distillery.
 29732 | Orc:2    | Received a gift from Trog
 29994 | Orc:2    | Noticed Saint Roka
 30015 | Orc:2    | Killed Saint Roka
 30081 | Orc:2    | Found a roughly hewn altar of Beogh.
 30169 | Orc:2    | Found Vunlafim's General Store.
 30180 | Orc:2    | Found Ashrasse's Antique Weapon Shop.
 30212 | Orc:2    | Found Jatuos's Jewellery Shop.
 30355 | Orc:2    | Found Zudwaem's Antique Armour Shop.
 30871 | Spider:1 | Entered Level 1 of the Spider Nest
 31001 | Spider:1 | Reached XP level 16. HP: 116/151 MP: 5/15
 31335 | Orc:2    | Bought the ring of Picoq {+Fly rElec rPois MR+ Int+4} for
                  | 695 gold pieces
 35364 | Spider:3 | Reached ****** piety under Trog
 35567 | Spider:3 | Received a gift from Trog
 36531 | Spider:4 | Entered Level 4 of the Spider Nest
 36619 | Spider:3 | HP: 4/154 [wolf spider (11)]
 36620 | Spider:3 | Annihilated by a wolf spider

Illustrated notes

Levels and vault maps discovered:
D:1:      matt_arrival_grand_opening, layout_rooms
D:2:      layout_rooms, uniq_sigmund
D:3:      layout_basic, uniq_robin
D:4:      layout_loops_ring, vehumet_altar_wand_db
D:5:      layout_loops_ring, serial_shops, shop, kennysheep_donut, uniq_grinder
D:6:      layout_cave_pools, minmay_overflow_temple_star_quad
D:7:      cheibrodos_fertilizer, layout_basic, kennysheep_mini, temple_pool_b
D:8:      layout_basic
D:9:      layout_irregular_city, david_lair_shrubbed
D:10:     kennysheep_spiral_hall, layout_loops_ring, onia_ninara_cookie,
          uniq_maggie, uniq_psyche, uniq_erica, uniq_fannar
D:11:     layout_loops_cross, minmay_fractal_squares_gapless_5, uniq_erolcha
D:12:     layout_roguey, erik_orc_2, uniq_sonja
D:13:     layout_roguey
D:14:     layout_rooms, ximxim_vaults_locker_room, nrook_campfire
D:15:     gammafunk_depths_entry_grave, layout_basic,
          chequers_serial_rivers_micro_c, uniq_azrael
Temple:   compressed_dpeg_circular_temple
Lair:1:   layout_roguey, lemuel_centaur_altar, infiniplex_staircase_pool_2,
          lemuel_fruit_tree, grunt_megastairs_1, minmay_lair_oklob_chamber
Lair:2:   layout_hall_layers, basic_altar, grunt_megastairs_5
Lair:3:   layout_roguey, chequers_serial_rivers_large_a
Lair:4:   beast_lair_carwin_large_4, layout_cave_pods, elwin_shoals_entry_rocks,
          dummy_spider_entry, grunt_megastairs_2
Lair:5:   layout_roguey, dpeg_slime_entry_enclosed_altar, grunt_megastairs_4
Lair:6:   minmay_lair_end_enchanted_forest, layout_big_grid,
          gauntlet_entry_generic, ice2_lemuel, serial_bayou_shore_b
Spider:1: layout_chambers, drop_trap, nicolae_spider_webs_and_nodes
Spider:2: layout_spider_delve
Spider:3: layout_spider_delve
Spider:4: grunt_spider_rune_circles
Orc:1:    layout_caves, minmay_orc_treasury, uniq_harold
Orc:2:    grunt_orc_cross, layout_caves, serial_shops, shop, uniq_snorg,
          uniq_nessos, uniq_jorgrun

Skill      XL: |  1  2  3  4  5  6  7  8  9 10 11 12 13 14 15 16 |
---------------+-------------------------------------------------+-----
Axes           | 3 4 6 7 9 11 13 15 16 18 | 18.5
Shields        | 4 5 6 7 8 10 11 12 13 15 17 | 17.3
Armour         | 8 11 14 15 16 | 16.6
Fighting       | 5 6 11 14 16 | 16.8
Slings         | 3 6 9 11 12 | 12.0

Action                   |  1- 3 |  4- 6 |  7- 9 | 10-12 | 13-15 | 16-18 || total
-------------------------+-------+-------+-------+-------+-------+-------++-------
Melee: War axe           |    80 |   137 |   326 |       |       |       ||   543
       Headbutt          |     6 |    21 |    62 |    73 |   231 |    64 ||   457
       Hand axe          |       |       |    81 |    34 |   560 |   224 ||   899
       Broad axe         |       |       |       |   310 |   186 |       ||   496
       Hunting sling     |       |       |       |       |    12 |       ||    12
 Fire: Hunting sling     |       |       |     4 |   240 |   857 |   343 ||  1444
Throw: Dart              |       |       |     5 |    25 |    18 |     1 ||    49
Invok: Berserk           |       |       |       |     8 |     3 |       ||    11
       Trog's Hand       |       |       |       |     7 |     6 |     1 ||    14
       Brothers in Arms  |       |       |       |     2 |     7 |       ||     9
Evoke: Wand              |       |       |     9 |     6 |     8 |       ||    23
       Lightning rod     |       |       |       |     4 |       |       ||     4
       Condenser vane    |       |       |       |     2 |     2 |       ||     4
  Use: Scroll            |     5 |       |     5 |    26 |     4 |     1 ||    41
       Potion            |       |     1 |       |     4 |     4 |     4 ||    13
 Stab: Held in net/web   |       |       |       |       |       |     1 ||     1
Armor: Scale mail        |    47 |    64 |    84 |       |       |       ||   195
       Chain mail        |       |     3 |       |       |       |       ||     3
       Ring mail         |       |     1 |    35 |   129 |   264 |   181 ||   610
Dodge: Dodged            |    15 |    37 |    88 |    80 |   156 |   117 ||   493
Block: Kite shield       |    41 |    54 |   192 |   236 |   337 |       ||   860
       Tower shield      |       |       |       |       |    54 |   436 ||   490

Table legend: (Time is in decaauts)
 A = Elapsed time spent in this place.
 B = Non-inter-level travel time spent in this place.
 C = Inter-level travel time spent in this place.
 D = Time resting spent in this place.
 E = Time spent auto-exploring this place.
 F = Levels seen in this place.
 G = Mean time per level.
                   A        B        C        D        E       F      G
               +--------+--------+--------+--------+--------+-----+--------+
         Total |  36036 |  32414 |   3622 |   4182 |  20753 |  29 | 1242.6 |
       Dungeon |  18318 |  15921 |   2397 |   2109 |  10099 |  15 | 1221.2 |
        Temple |    140 |    117 |     23 |      0 |     65 |   1 |  140.0 |
          Lair |   8642 |   7684 |    958 |    903 |   5280 |   6 | 1440.3 |
   Spider Nest |   5069 |   4987 |     82 |    728 |   3463 |   4 | 1267.2 |
  Orcish Mines |   3023 |   2861 |    162 |    231 |   1739 |   2 | 1511.5 |
      Gauntlet |    841 |    841 |      0 |    210 |    106 |   1 |  841.0 |
               +--------+--------+--------+--------+--------+-----+--------+

Top non-repeatable levels by time:
Spider:1: 2933 daAuts
  Lair:6: 2120 daAuts
     D:9: 2112 daAuts
    D:12: 1983 daAuts
  Lair:4: 1982 daAuts
    D:15: 1744 daAuts
   Orc:2: 1591 daAuts
    D:14: 1439 daAuts
   Orc:1: 1432 daAuts
    D:10: 1381 daAuts
Spider:3: 1366 daAuts
  Lair:5: 1354 daAuts
  Lair:1: 1353 daAuts
     D:4: 1276 daAuts
  Lair:3: 1223 daAuts
